 Dungeon Crawl Stone Soup version 0.28-a0-247-gb8bfbab023 (webtiles) character file.

Game seed: 14402562218488717712

58 ZARRMARR the Skirmisher (level 3, -1/32 HPs)
             Began as a Palentonga Fighter on Aug 23, 2021.
             Was a Believer of Fedhas.
             Slain by a goblin (4 damage)
             ... led by Robin
             ... on level 2 of the Dungeon on Aug 25, 2021.
             The game lasted 00:04:21 (952 turns).

ZARRMARR the Skirmisher (Palentonga Fighter)         Turns: 952, Time: 00:04:21

Health: -1/32      AC:  6    Str: 20    XL:     3   Next: 76%
Magic:  3/3        EV:  5    Int:  8    God:    Fedhas [**....]
Gold:   25         SH:  7    Dex:  9    Spells: 2/2 levels left

rFire   . . .      SeeInvis +   a - +0 war axe
rCold   . . .      Faith    .   c - +0 kite shield
rNeg    . . .      Spirit   .   b - +0 scale mail
rPois   .          Reflect  .   (no helmet)
rElec   .          Harm     .   (no cloak)
rCorr   .          Rampage  .   (no gloves)
Will    .....                   (no barding)
Stlth   ..........              (no amulet)
HPRegen 0.10/turn               (no ring)
MPRegen 0.08/turn               (no ring)

@: no status effects
A: large, rugged brown scales 3, see invisible, deformed body, roll 1, armoured
tail
a: Rolling Charge, Renounce Religion, Wall of Briars


You were on level 2 of the Dungeon.
You worshipped Fedhas.
Fedhas was pleased with you.
You visited 1 branch of the dungeon, and saw 2 of its levels.

You collected 25 gold pieces.

Inventory:

Hand Weapons
 a - a +0 war axe (weapon)
Armour
 b - a +0 scale mail (worn)
 c - a +0 kite shield (worn)
Scrolls
 e - a scroll of amnesia {unknown}
Potions
 d - a potion of might


   Skills:
 + Level 3.7 Fighting
 + Level 2.9 Axes
 - Level 2.4 Armour
 + Level 2.9 Shields


You had 2 spell levels left.
You didn't know any spells.
Your spell library contained the following spells:

 Spells                   Type           Power      Damage    Failure   Level
 Animate Skeleton         Necr           0%         N/A       99%         1
 Pain                     Necr           0%         1d4       99%         1
 Corpse Rot               Necr/Air       N/A        N/A       100%        2
 Poisonous Vapours        Pois/Air       0%         N/A       100%        2
 Vampiric Draining        Necr           0%         2d6       100%        3
 Freezing Cloud           Conj/Ice/Air   0%         6-21      100%        5


Dungeon Overview and Level Annotations

Branches:
Dungeon (2/15)

Altars:
Fedhas

Shops:
D:1 ?


Innate Abilities, Weirdness & Mutations

You are completely covered in rugged brown scales. (AC +3, +7% HP)
You have supernaturally acute eyesight. (SInv)
Armour fits poorly on your strangely shaped body.
You can roll at nearby foes to attack.
You have a long armoured tail.


Message History

You hit the hobgoblin.
You kill the hobgoblin!
Fedhas appreciates your contribution to the ecosystem.
You closely miss the goblin. You barely miss the hobgoblin.
You closely miss the hobgoblin. You slash the goblin!
You kill the goblin!
Fedhas appreciates your contribution to the ecosystem.
The hobgoblin hits you.
* * * LOW HITPOINT WARNING * * *
The hobgoblin barely misses you. The goblin hits you with a +0 dagger.
* * * LOW HITPOINT WARNING * * *
The goblin hits you but does no damage. You block the hobgoblin's attack.
You slash the goblin!
You kill the goblin!
Fedhas appreciates your contribution to the ecosystem.
You barely miss the goblin. You hit the hobgoblin but do no damage.
You hit the hobgoblin. You slash the hobgoblin!
You kill the hobgoblin!
Fedhas appreciates your contribution to the ecosystem.
You block the hobgoblin's attack. The goblin hits you but does no damage.
The hobgoblin hits you but does no damage.
The hobgoblin barely misses you. The goblin hits you with a +0 dagger.
* * * LOW HITPOINT WARNING * * *
You hit the hobgoblin.
Your tail-slap misses the hobgoblin.
The hobgoblin is moderately wounded.
You hit the hobgoblin but do no damage. You closely miss the goblin.
You block the hobgoblin's attack.
The hobgoblin hits you but does no damage.
The goblin hits you but does no damage.
The hobgoblin hits you but does no damage. x2
Your shield prevents you from hitting the hobgoblin.
Your tail-slap misses the hobgoblin.
The hobgoblin is moderately wounded.
You slash the hobgoblin!
You kill the hobgoblin!
Fedhas appreciates your contribution to the ecosystem.
You can now encircle yourself with summoned briar patches.
You closely miss the goblin. The goblin hits you with a +0 dagger.
You die...
Fedhas appreciates your contribution to the ecosystem.

##.gg. ..
.......+........
.......##....#.#
.....>.......#.# ..#
........#....#.###.#..#
........#...†.........##
........................
......))g.............#
##.##.#@#......###.#..##
......)g))†............#
........††..............
##.##..........##......<
.............).....#...#
#.##.#.##...#..####....
.. #.#..............†.#
. ....................
.......[.....[.......


You could see a hobgoblin (strong) and a goblin (strong).

Vanquished Creatures
  Robin (D:2)
  4 ball pythons
  3 bats
  4 giant cockroaches (D:1)
  7 goblins
  11 hobgoblins
  3 kobolds (D:1)
  2 quokkas (D:1)
  6 rats
41 creatures vanquished.

Notes
Turn   | Place    | Note
-------+----------+-------------------------------------------
     0 | D:1      | ZARRMARR the Palentonga Fighter began the quest for the
                  | Orb.
     0 | D:1      | Reached XP level 1. HP: 19/19 MP: 1/1
    53 | D:1      | Found Huuxell's Magic Scroll Boutique.
    60 | D:1      | Upgraded the game from 0.28-a0-233-gb8ca4b6547 to
                  | 0.28-a0-247-gb8bfbab023
   156 | D:1      | Reached XP level 2. HP: 18/25 MP: 2/2
   768 | D:1      | Reached XP level 3. HP: 31/31 MP: 3/3
   850 | D:1      | Found a faded altar of an unknown god.
   858 | D:1      | Became a worshipper of Fedhas Madash
   858 | D:1      | Reached * piety under Fedhas
   939 | D:2      | Noticed Robin
   946 | D:2      | Killed Robin
   952 | D:2      | Reached ** piety under Fedhas
   952 | D:2      | Slain by a goblin

Illustrated notes

Levels and vault maps discovered:
D:1:      dpeg_arrival_simpleton_c, layout_basic,
          dilly_ecumenical_altar_fadedgnrine, serial_shops,
          nicolae_shop_crystal, minmay_misc_feat_doors
D:2:      layout_basic, uniq_robin

Action                   || total
-------------------------++-------
Melee: War axe           ||    85
       Tailslap          ||     6
 Abil: Rolling Charge    ||    12
Armor: Scale mail        ||    78
Dodge: Dodged            ||    33
Block: Kite shield       ||    44

Table legend: (Time is in decaauts)
 A = Elapsed time spent in this place.
 B = Non-inter-level travel time spent in this place.
 C = Inter-level travel time spent in this place.
 D = Time resting spent in this place.
 E = Time spent auto-exploring this place.
 F = Levels seen in this place.
 G = Mean time per level.
                   A        B        C        D        E       F      G
               +--------+--------+--------+--------+--------+-----+--------+
         Total |   1001 |    957 |     44 |     22 |    700 |   2 |  500.5 |
       Dungeon |   1001 |    957 |     44 |     22 |    700 |   2 |  500.5 |
               +--------+--------+--------+--------+--------+-----+--------+

Top non-repeatable levels by time:
     D:1: 947 daAuts
     D:2: 54 daAuts
